 Dungeon Crawl Stone Soup version 0.31.0-9-g3a7656b989 (webtiles) character file.

Game seed: 3448836858413804034

12457 stipulation the Brawler (level 11, -5/82 HPs)
             Began as a Ghoul Monk on Jan 25, 2024.
             Was a High Priest of Wu Jian.
             Slain by a two-headed ogre
             ... wielding a +0 giant club
              (9 damage)
             ... on level 12 of the Dungeon.
             The game lasted 00:06:06 (11424 turns).

stipulation the Brawler (Ghoul Monk)               Turns: 11424, Time: 00:06:07

Health: -5/82      AC: 15    Str: 20    XL:     11   Next: 93%
Magic:  11/11      EV:  9    Int:  9    God:    Wu Jian [*****.]
Gold:   879        SH:  5    Dex: 11    Spells: 10/10 levels left

rFire   + .          .
                       - Unarmed
rCold   + . .        c - orb {light}
rNeg    + + +        o - +0 chain mail
rPois   ∞            H - +2 helmet
rElec   .            M - +1 cloak
rCorr   .            (no gloves)
SInv    .            (no boots)
Will    .....        K - amulet of reflection Stlth
                     t - ring of protection from fire
HPRegen 0.00/turn    (no ring)
MPRegen 0.12/turn

%: reflection
@: exhausted, inhibited regen, glowing
A: claws 1, cold resistance 1, negative energy resistance 3, inhibited
regeneration, torment resistance 2, devour on kill
a: Renounce Religion, Wall Jump, Serpent's Lash, Heavenly Storm


You were on level 12 of the Dungeon.
You worshipped Wu Jian.
Wu Jian was extremely pleased with you.
You visited 2 branches of the dungeon, and saw 13 of its levels.

You collected 879 gold pieces.

Inventory:

Missiles
 x - 2 throwing nets (quivered)
Armour
 c - an orb of light (worn)
 o - a +0 chain mail (worn)
 H - a +2 helmet (worn)
 M - a +1 cloak (worn)
Jewellery
 f - an amulet of the acrobat
 h - a ring of fire
 q - an amulet of faith
 t - a ring of protection from fire (left claw)
 A - an amulet of regeneration
 K - an amulet of reflection (around neck)
 N - a ring of ice
Wands
 E - a wand of iceblast (8)
Scrolls
 a - 2 scrolls of identify
 d - a scroll of amnesia {unknown}
 g - 8 scrolls of teleportation
 j - 6 scrolls of noise
 n - 2 scrolls of poison
 r - 4 scrolls of revelation
 u - 3 scrolls of torment
 v - 3 scrolls of enchant weapon {unknown}
 y - 2 scrolls of immolation {unknown}
 F - a scroll of butterflies {unknown}
 I - 3 scrolls of enchant armour {unknown}
 J - a scroll of vulnerability {unknown}
 L - a scroll of fear {unknown}
Potions
 b - a potion of ambrosia
 e - 5 potions of lignification
 i - 3 potions of curing
 k - 8 potions of heal wounds
 l - 2 potions of attraction
 m - 2 potions of degeneration
 p - 3 potions of mutation
 s - 2 potions of berserk rage
 w - 2 potions of resistance
 z - 2 potions of magic
 B - a potion of haste {unknown}
 C - 2 potions of brilliance
 D - 2 potions of might
 G - a potion of invisibility {unknown}


   Skills:
 - Level 3.2 Fighting
 - Level 6.0 Armour
 - Level 2.6 Dodging
 + Level 18.8 Unarmed Combat


You had 10 spell levels left.
You didn't know any spells.
Your spell library contained the following spells:

 Spells                   Type           Power      Damage    Failure   Level
 Mercury Vapours          Alch/Air       0%         N/A       99%         2
 Gell's Gravitas          Tloc           0%         N/A       100%        3
 Inner Flame              Hex/Fire       0%         N/A       100%        3
 Mephitic Cloud           Conj/Alch/Air  0%         N/A       100%        3
 Teleport Other           Tloc           0%         N/A       100%        3
 Flame Wave               Conj/Fire      0%         2d4       100%        4
 Sticky Flame             Fire/Alch      0%         2d4       100%        4
 Freezing Cloud           Conj/Ice/Air   0%         6-21      100%        5
 Dispersal                Tloc           0%         N/A       100%        6


Dungeon Overview and Level Annotations

Branches:
Dungeon (12/15)            Temple (1/1) D:6            Lair (0/5) D:11
    Orc (0/2) D:12

Altars:
Ashenzari
Cheibriados
Dithmenos
Fedhas
Gozag
Hepliaklqana
Kikubaaqudgha
Makhleb
Nemelex Xobeh
Okawaru
Qazlal
Ru
Sif Muna
Trog
Uskayaw
Vehumet
Wu Jian
Xom
Yredelemnul

Shops:
D:5 [   D:6 =

Annotations:
D:6 2 transporters, TheBioAlchemist's ghost, novice OpSh
D:12 Josephine


Innate Abilities, Weirdness & Mutations

You are immune to poison.
You have sharp fingernails.
Your flesh is cold resistant. (rC+)
You are immune to negative energy. (rN+++)
You do not regenerate when monsters are visible.
You are immune to unholy pain and torment.
You thrive by killing the living.


Message History

You spin and attack the two-headed ogre repeatedly, with incredible momentum.
You mangle the two-headed ogre!!
The two-headed ogre is moderately wounded.
You scratch the two-headed ogre.
The two-headed ogre is moderately wounded.
Your supernatural speed expires.
You spin and attack Josephine.
You barely miss Josephine.
Josephine is heavily wounded.
You spin and attack the two-headed ogre.
You scratch the two-headed ogre but do no damage.
The two-headed ogre is moderately wounded.
Josephine barely misses you.
You spin and attack Josephine repeatedly.
You claw Josephine!
Josephine is heavily wounded.
You barely miss Josephine.
Josephine is heavily wounded.
You spin and attack the two-headed ogre repeatedly.
You mangle the two-headed ogre!!
The two-headed ogre is severely wounded.
You claw the two-headed ogre!
The two-headed ogre is almost dead.
The two-headed ogre hits you with a +0 giant club!!
* * * LOW HITPOINT WARNING * * *
The two-headed ogre hits you with a +0 giant spiked club!
* * * LOW HITPOINT WARNING * * *
Josephine hits you but does no damage.
You spin and attack Josephine.
You scratch Josephine.
Josephine is severely wounded.
You spin and attack the two-headed ogre repeatedly.
You scratch the two-headed ogre but do no damage.
The two-headed ogre is almost dead.
You claw the two-headed ogre!
The two-headed ogre is almost dead.
A vampire mosquito comes into view.
Josephine barely misses you.
The two-headed ogre hits you with a +0 giant club!
* * * LOW HITPOINT WARNING * * *
The two-headed ogre hits you with a +0 giant spiked club!
You die...

.#####.######.#...#.###..#...#
+#.....# #.#...#.#<..)....#
.......# #.#.#..........#.#
.......# #.#.#.#..........#
.......#.. #...#.############
.......#....###.#..
.......#........#..
.......#...$(##.########
+#.#####.......W@<...... ....
.......O@#.##### ..###
#####...W# .. ..# #....# ## .#
......# .......# . y.......#
.# ........# ..#


You could see Josephine, a two-headed ogre, 2 wraiths and a vampire mosquito
(wandering).

Vanquished Creatures
  A boulder beetle (D:12)
  A cyclops (D:12)
  2 gargoyles (D:11)
  Maggie (D:10)
  A kobold demonologist (D:12)
  2 komodo dragons
  2 trolls (D:11)
  A hornet (D:11)
  Prince Ribbit (D:9)
  2 wyverns (D:8)
  A shadow (D:11)
  A vampire (D:12)
  A wraith (D:12)
  16 yaks
  2 steam dragons
  2 basilisks (D:12)
  A vampire mosquito (D:12)
  Menkaure (D:5)
  2 water moccasins
  7 orc warriors
  The ghost of Strat the Chopper, an amateur HOFi (D:3)
  5 ice beasts
  3 ogres
  A centaur (D:9)
  A phantom (D:6)
  5 kobold brigands
  6 bullfrogs
  4 scorpions
  A gnoll sergeant (D:10)
  7 wights
  6 killer bees (D:10)
  2 howler monkeys
  5 bombardier beetles
  5 jellies
  2 gnoll boudas
  4 hounds
  8 orc priests
  Crazy Yiuf (D:5)
  Jessica (D:3)
  2 iguanas (D:6)
  2 sleepcaps
  10 orc wizards
  18 gnolls
  3 adders
  7 ufetubi (D:6)
  4 dart slugs
  A ribbon worm (D:4)
  73 orcs
  8 endoplasms
  3 giant cockroaches
  12 goblins
  8 hobgoblins
  2 jackals
  28 kobolds
  A quokka (D:1)
  9 ball pythons
  12 bats
  7 frilled lizards
  7 rats
  A spectral kobold (D:1)
  2 butterflies (D:6)
336 creatures vanquished.

Notes
Turn   | Place    | Note
-------+----------+-------------------------------------------
     0 | D:1      | stipulation the Ghoul Monk began the quest for the Orb.
     0 | D:1      | Reached XP level 1. HP: 19/19 MP: 1/1
    26 | D:1      | Found a faded altar of an unknown god.
   111 | D:1      | Reached XP level 2. HP: 26/26 MP: 2/2
   237 | D:1      | Reached skill level 4 in Unarmed Combat
   565 | D:1      | Reached XP level 3. HP: 29/31 MP: 3/3
  1141 | D:2      | Reached skill level 5 in Unarmed Combat
  1149 | D:2      | Reached XP level 4. HP: 36/38 MP: 4/4
  1912 | D:3      | Reached skill level 6 in Unarmed Combat
  1918 | D:3      | Reached XP level 5. HP: 45/45 MP: 5/5
  2032 | D:3      | Noticed Jessica
  2037 | D:3      | Killed Jessica
  2110 | D:3      | Reached skill level 7 in Unarmed Combat
  2240 | D:3      | Reached XP level 6. HP: 51/51 MP: 6/6
  2304 | D:3      | Found an ancient bone altar of Kikubaaqudgha.
  2329 | D:3      | Found a runed translucent door.
  2591 | D:3      | Noticed Strat's ghost (amateur HOFi)
  2603 | D:3      | Killed Strat's ghost
  2748 | D:4      | Reached skill level 8 in Unarmed Combat
  2927 | D:4      | Found a hazy altar of Hepliaklqana.
  3185 | D:4      | Reached XP level 7. HP: 57/57 MP: 7/7
  3241 | D:4      | Reached skill level 9 in Unarmed Combat
  3584 | D:5      | Entered Level 5 of the Dungeon
  3725 | D:5      | Noticed Menkaure
  3731 | D:5      | Killed Menkaure
  3732 | D:5      | Reached skill level 10 in Unarmed Combat
  3749 | D:5      | Reached XP level 8. HP: 44/63 MP: 8/8
  3849 | D:5      | Found Deotel's Antique Armour Shoppe.
  4390 | D:5      | Reached skill level 11 in Unarmed Combat
  4592 | D:5      | Found a runed translucent door.
  4593 | D:5      | Noticed Crazy Yiuf
  4605 | D:5      | Killed Crazy Yiuf
  4805 | D:6      | Found a sacrificial altar of Ru.
  4901 | D:6      | Found a transporter.
  4932 | D:6      | Reached skill level 12 in Unarmed Combat
  4937 | D:6      | Found Nisheusk's Jewellery Shop.
  5014 | D:6      | Found a staircase to the Ecumenical Temple.
  5139 | Temple   | Entered the Ecumenical Temple
  5149 | Temple   | Became a worshipper of the Wu Jian Council
  5149 | Temple   | Reached * piety under Wu Jian
  5149 | Temple   | Reached ** piety under Wu Jian
  5180 | D:6      | Identified the +4 flail "Meunoic" {drain, ^Contam +Blink
                  | Str+2}
  5184 | D:6      | Noticed a troll
  5186 | D:6      | Noticed TheBioAlchemist's ghost (novice OpSh)
  5189 | D:6      | Found a transporter.
  5224 | D:6      | Reached XP level 9. HP: 59/70 MP: 9/9
  5372 | D:6      | Reached skill level 13 in Unarmed Combat
  6067 | D:7      | Found a shadowy altar of Dithmenos.
  6110 | D:7      | Reached skill level 14 in Unarmed Combat
  6336 | D:7      | Found a hide-covered altar of Uskayaw.
  6714 | D:8      | Reached *** piety under Wu Jian
  6736 | D:8      | Reached skill level 15 in Unarmed Combat
  6736 | D:8      | Reached XP level 10. HP: 77/77 MP: 10/10
  6949 | D:8      | Reached skill level 1 in Armour
  7256 | D:8      | Reached **** piety under Wu Jian
  7742 | D:9      | Found a stormy altar of Qazlal.
  7815 | D:9      | Found a sparkling altar of Nemelex Xobeh.
  7836 | D:9      | Reached skill level 16 in Unarmed Combat
  7962 | D:9      | Found a shimmering blue altar of Sif Muna.
  8006 | D:9      | Noticed Prince Ribbit
  8016 | D:9      | Killed Prince Ribbit
  8988 | D:10     | Entered Level 10 of the Dungeon
  9110 | D:10     | Reached skill level 5 in Armour
  9112 | D:10     | Reached XP level 11. HP: 63/82 MP: 11/11
  9366 | D:10     | Noticed Maggie
  9372 | D:10     | Killed Maggie
  9491 | D:10     | Reached skill level 17 in Unarmed Combat
 10052 | D:11     | Reached ***** piety under Wu Jian
 10338 | D:11     | Found a staircase to the Lair.
 10590 | D:11     | Reached skill level 18 in Unarmed Combat
 10931 | D:12     | Noticed a sixfirhy
 11278 | D:12     | Noticed a cyclops
 11292 | D:12     | Killed a cyclops
 11311 | D:12     | Found a staircase to the Orcish Mines.
 11349 | D:12     | Noticed a boulder beetle
 11365 | D:12     | Killed a boulder beetle
 11414 | D:12     | Noticed a two-headed ogre
 11415 | D:12     | Noticed Josephine
 11424 | D:12     | HP: 4/82 [two-headed ogre/+0 giant club (10)]
 11424 | D:12     | Slain by a two-headed ogre

Illustrated notes

Levels and vault maps discovered:
D:1:      pf_arrival_petrified_forest, layout_loops_ring, serial_rivers,
          chequers_serial_rivers_large_b, chequers_serial_rivers_room_a,
          chequers_serial_rivers_micro_a, chequers_serial_rivers_marsh,
          chequers_serial_rivers_large_a,
          dreamdust_ecumenical_altar_drowned_temple
D:2:      layout_basic, minmay_joined_circles
D:3:      layout_rooms, mainiacjoe_overflow_alcove_1,
          ebering_ghost_reflecting_pool, nrook_mini_backslash,
          minmay_starry_boxes, uniq_jessica
D:4:      layout_gridville, worldfamousw_hep_ancestral_shrine,
          saegor_snake_ambush
D:5:      layout_basic, serial_shops, nicolae_shop_hallway_plus,
          roderic_batcave, nicolae_kite_square_tiling_tiny,
          hangedman_decor_push, uniq_crazy_yiuf_cottage, uniq_menkaure
D:6:      kennysheep_spiral_hall, layout_loops_ring,
          nicolae_ru_great_annihilating_truth, minmay_temple_entry_butterflies,
          serial_shops, nicolae_take_the_stairs, gammafunk_ghost_arena,
          serial_bayou_ford_a
D:7:      layout_basic, nicolae_dithmenos_shadow_blocks, general_overflow_altar,
          solitary_fountain
D:8:      layout_basic, special_room [special_room_orc], kennysheep_flooded_box
D:9:      layout_layer_cave, mainiacjoe_overflow_paths, lemuel_blue_sif_altar,
          mainiacjoe_overflow_tiny_flanked, uniq_prince_ribbit1
D:10:     layout_irregular_city, kennysheep_generic_room_11, uniq_maggie
D:11:     layout_gridville, lair_entry_dummy
D:12:     layout_basic, hiddenorc2_lemuel, kennysheep_small_spiral,
          uniq_josephine
Temple:   nicolae_temple_great_sept

Skill      XL: |  1  2  3  4  5  6  7  8  9 10 11 |
---------------+----------------------------------+-----
Unarmed Combat | 4 5 6 7 8 10 12 15 16 18 | 18.8
Armour         | 5 6 |  6.0
Fighting       | |  3.2
Dodging        | |  2.6

Action                     |  1- 3 |  4- 6 |  7- 9 | 10-12 || total
---------------------------+-------+-------+-------+-------++-------
  Melee: Unarmed           |    90 |   142 |   288 |   449 ||   969
 Invoke: Serpent's Lash    |       |       |       |     3 ||     3
Ability: Lunge             |       |       |    15 |    40 ||    55
         Whirlwind         |       |       |     4 |    53 ||    57
         Wall Jump         |       |       |       |     1 ||     1
    Use: Scroll            |       |       |     6 |    10 ||    16
 Armour: Robe              |    46 |     9 |       |       ||    55
         Chain mail        |       |    73 |   162 |   287 ||   522
  Dodge: Dodged            |    51 |    87 |   113 |   141 ||   392
